 Dungeon Crawl Stone Soup version 0.26-a0-36-g11e0b32562 (webtiles) character file.

Game seed: 5408213148840693588, levelgen mode: deterministic

47 Brecoman the Ducker (level 3, -4/28 HPs)
             Began as a Demonspawn Gladiator on May 30, 2020.
             Slain by a worm (10 damage)
             ... on level 2 of the Dungeon.
             The game lasted 00:02:51 (1659 turns).

Brecoman the Ducker (Demonspawn Gladiator)          Turns: 1659, Time: 00:02:52

Health: -4/28      AC:  4    Str: 15    XL:     3   Next: 48%
Magic:  3/3        EV: 13    Int:  9    God:
Gold:   20         SH:  0    Dex: 14    Spells: 2/2 levels left

rFire    . . .     SeeInvis .   (no weapon)
rCold    . . .     Gourm    .   (no shield)
rNeg     . . .     Faith    .   b - +0 leather armour
rPois    .         Spirit   .   c - +0 helmet
rElec    .         Reflect  .   (no cloak)
rCorr    .         Harm     .   (no gloves)
MR       .....                  (no boots)
Stlth    +.........             (no amulet)
HPRegen  0.09/turn              (no ring)
MPRegen  0.08/turn              (no ring)

@: no status effects
A: claws 1, spiny 1
a: no special abilities


You were on level 2 of the Dungeon.
You were not hungry.

You visited 1 branch of the dungeon, and saw 2 of its levels.

You collected 20 gold pieces.

Inventory:

Hand Weapons
 a - a +0 long sword
 i - a +3 hunting sling
Missiles
 d - 3 throwing nets (quivered)
 g - 48 stones
Armour
 b - a +0 leather armour (worn)
 c - a +0 helmet (worn)
Scrolls
 e - a scroll of remove curse {unknown}
 n - a scroll of magic mapping {unknown}
 o - a scroll of identify {unknown}
 q - a scroll of enchant weapon {unknown}
Potions
 h - a potion of stabbing {unknown}
 j - a potion of lignification {unknown}
 k - a potion of flight {unknown}
 l - 4 potions of curing {unknown}
 m - a potion of heal wounds {unknown}
 p - a potion of magic {unknown}
 r - a potion of degeneration {unknown}
Comestibles
 f - 2 rations
 s - a chunk of flesh


   Skills:
 + Level 2.7 Fighting
 - Level 3.1 Long Blades
 - Level 1.7 Throwing
 + Level 3.2 Dodging
 * Level 0.7 Unarmed Combat


You had 2 spell levels left.
You didn't know any spells.
Your spell library was empty.

Dungeon Overview and Level Annotations

Branches:
Dungeon (2/15)

Altars:


Innate Abilities, Weirdness & Mutations

You have sharp fingernails.
You are partially covered in sharp spines.


Message History

The worm is lightly wounded.
The worm bites you.
You scratch the worm.
The worm is lightly wounded.
The worm is struck by your spines. The worm bites you.
You scratch the worm.
The worm is moderately wounded.
You scratch the worm.
The worm is severely wounded.
The worm closely misses you.
You scratch the worm.
The worm is severely wounded.
You barely miss the worm.
The worm is severely wounded.
The worm bites you!
* * * LOW HITPOINT WARNING * * *
You barely miss the worm.
The worm is severely wounded.
The worm is struck by your spines. The worm bites you!
You die...

..##.##.......##....#######...###
.....##........#................#
......#........#.................
......#........#.................
......#...##...#.................
......#..).....##.......##.......
..................###...##......#
....##..........w.# #...##......#
................@.# #########...#
.........####.....####..........#
............#...................#
.................[..............#
......................###.......#
....###...............# #.......#
....# #...............# #.......#
##### #.....###.......# #########
####### #$......#


You could see a worm.

Vanquished Creatures
  An ooze (D:1)
  4 dart slugs
  2 giant cockroaches
  6 goblins (D:1)
  4 hobgoblins
  2 jackals (D:1)
  A ball python (D:2)
  4 bats (D:1)
  A frilled lizard (D:1)
  3 kobolds (D:1)
  6 rats
34 creatures vanquished.

Notes
Turn   | Place    | Note
-------+----------+-------------------------------------------
     0 | D:1      | Brecoman the Demonspawn Gladiator began the quest for the
                  | Orb.
     0 | D:1      | Reached XP level 1. HP: 16/16 MP: 1/1
   388 | D:1      | Gained mutation: You are partially covered in sharp spines.
                  | [demonic ancestry]
   388 | D:1      | Reached XP level 2. HP: 18/22 MP: 2/2
   784 | D:1      | Gained mutation: You have sharp fingernails. [demonic
                  | ancestry]
   784 | D:1      | Reached XP level 3. HP: 26/28 MP: 3/3
  1659 | D:2      | Slain by a worm

Illustrated notes

Levels and vault maps discovered:
D:1:      lemuel_arrival_funnel, layout_loops_corners
D:2:      layout_basic

Skill      XL: |  1  2 |
---------------+-------+-----
Long Blades    | 3 |  3.1
Dodging        | 3 |  3.2
Fighting       | |  2.7
Throwing       | |  1.7
Unarmed Combat | |  0.7

Action                   || total
-------------------------++-------
Melee: Long sword        ||    46
       Unarmed           ||    43
 Stab: Sleeping          ||     1
  Eat: Chunk             ||     2
Armor: Leather armour    ||    28
Dodge: Dodged            ||    59
       Rpst.: Long sword ||    11

Table legend:
 A = Non-vault XP
 B = Vault XP
 C = Vault XP percentage of total XP
 D = Non-vault monster count
 E = Vault monster count
 F = Vault count percentage of total count
                 A         B        C        D         E       F
            +---------+---------+-------+---------+---------+-------
      Total |      68 |       0 |   0.0 |      34 |       0 |   0.0
            +---------+---------+-------+---------+---------+-------
        D:1 |      57 |       0 |   0.0 |      28 |       0 |   0.0
        D:2 |      11 |       0 |   0.0 |       6 |       0 |   0.0
            +---------+---------+-------+---------+---------+-------
